 Dungeon Crawl Stone Soup version 0.32-a0-685-g93135e86f0 (webtiles) character file.

Game seed: 9260197550809518720

185659 Pooter the Slayer (level 17, -2/259 HPs)
             Began as a Minotaur Berserker on Mar 10, 2024.
             Was a High Priest of Trog.
             Succumbed to a nagaraja's bolt of poison
             ... on level 4 of the Snake Pit on Mar 12, 2024.
             The game lasted 03:19:12 (40992 turns).

Pooter the Slayer (Minotaur Berserker)             Turns: 40992, Time: 03:19:13

Health: -2/259     AC: 25    Str: 34    XL:     17   Next: 82%
Magic:  16/16      EV: 10    Int:  2    God:    Trog [*****.]
Gold:   1711       SH: 22    Dex: 14    Spells: 16/16 levels left

rFire   + . .        a - +7 war axe (heavy)
rCold   . . .        I - +2 tower shield {AC+3}
rNeg    . . .        f - +3 plate armour {rPois}
rPois   +            C - +1 hat
rElec   .            R - +1 cloak of Okawaru, Sheltering {SInv}
rCorr   .            r - +0 pair of gloves "Wiodius" {Will++ Str+4 Int-4}
SInv    +            (no boots)
Will    +++++        T - amulet of reflection Stlth
                     F - ring of protection from fire
HPRegen 1.63/turn    Z - +6 ring of strength
MPRegen 0.15/turn

%: reflection
@: berserking (expiring), lethally poisoned (-2 -> -18), strong-willed,
regenerating, slowed, studying Axes
A: horns 2, retaliatory headbutt
a: Renounce Religion, Berserk, Trog's Hand, Brothers in Arms


You were on level 4 of the Snake Pit.
You worshipped Trog.
Trog was extremely pleased with you.
You visited 4 branches of the dungeon, and saw 26 of its levels.
You also visited: Ice Cave.

You collected 3065 gold pieces.
You spent 1354 gold pieces at shops.

Inventory:

Hand Weapons
 a - a +7 heavy war axe (weapon)
   (You bought it in a shop on level 2 of the Orcish Mines)
 b - the +1 sling of the Endless Expanse {speed, Int+4}
   (You found it on level 3 of the Dungeon)

   Int+4:     It affects your intelligence (+4).
 O - a +3 antimagic war axe
   (Trog gifted it to you on level 4 of the Snake Pit)
 X - a +5 war axe of flaming
   (You found it on level 14 of the Dungeon)
Missiles
 e - 6 javelins
 s - 9 curare-tipped darts
 G - 17 boomerangs (quivered)
 K - 5 atropa-tipped darts
 V - 5 silver javelins
 Y - 6 throwing nets {!f}
Armour
 f - a +3 plate armour of poison resistance (worn)
   (You found it on level 5 of the Lair of Beasts)
 j - a +4 plate armour
   (You took it off an orc warrior on level 7 of the Dungeon)
 n - a +1 tower shield of cold resistance
   (You found it in an ice cave)
 r - the +0 pair of gloves "Wiodius" (worn) {Will++ Str+4 Int-4}
   (You took it off Nikola on level 3 of the Snake Pit)

   Str+4:     It affects your strength (+4).
   Int-4:     It affects your intelligence (-4).
   Will++:    It greatly increases your willpower.
 A - the +0 chain mail "Faammaev" {rF+++ Int+2}
   (You took it off an orc warrior on level 1 of the Orcish Mines)

   Int+2:     It affects your intelligence (+2).
   rF+++:     It renders you almost immune to fire.
 C - a +1 hat (worn)
   (You bought it in a shop on level 6 of the Dungeon)
 I - a +2 tower shield of protection (worn)
   (You bought it in a shop on level 6 of the Dungeon)
 R - the +1 cloak of Okawaru, Sheltering (worn) {SInv}
   (You bought it in a shop on level 6 of the Dungeon)

   SInv:      It lets you see invisible.
Jewellery
 F - a ring of protection from fire (left hand)
   (You found it on level 7 of the Dungeon)
 H - a +6 ring of dexterity
   (You found it on level 10 of the Dungeon)
 P - a ring of poison resistance
   (You found it on level 2 of the Dungeon)
 S - a ring of see invisible
   (You found it on level 13 of the Dungeon)
 T - an amulet of reflection (around neck)
   (You found it on level 8 of the Dungeon)
 Z - a +6 ring of strength (right hand)
   (You found it on level 15 of the Dungeon)
Wands
 d - a wand of iceblast (4)
   (You found it on level 14 of the Dungeon)
 o - a wand of polymorph (8)
   (You took it off Terence on level 2 of the Dungeon)
 x - a wand of charming (10)
   (You took it off Jessica on level 3 of the Dungeon)
 D - a wand of digging (4)
   (You found it on level 7 of the Dungeon)
Scrolls
 h - 6 scrolls of poison
 i - 15 scrolls of identify {@r1}
 p - 2 scrolls of revelation
 t - 9 scrolls of teleportation {@r4}
 v - 7 scrolls of noise {!r}
 y - 4 scrolls of fear
 z - 2 scrolls of butterflies
 E - a scroll of fog
 W - 3 scrolls of immolation {!r}
Potions
 g - 3 potions of heal wounds {@q2}
 k - 3 potions of enlightenment
 l - a potion of invisibility
 q - 4 potions of might
 u - 2 potions of attraction {!q}
 B - 7 potions of haste {@q3}
 J - 3 potions of mutation {!q}
 L - 4 potions of curing {@q1}
 M - 5 potions of lignification {!q}
 N - a potion of resistance
Miscellaneous
 c - a sack of spiders
   (You found it on level 2 of the Snake Pit)
 m - a phantom mirror
   (You found it on level 1 of the Orcish Mines)
 w - a lightning rod (4/4) {!a}
   (You found it on level 12 of the Dungeon)
 Q - a tin of tremorstones (2/2)
   (You found it on level 2 of the Snake Pit)
 U - a phial of floods
   (You found it on level 1 of the Lair of Beasts)


   Skills:
 + Level 21.2 Fighting
 + Level 16.3 Axes
 + Level 14.1 Ranged Weapons
 - Level 15.7 Throwing
 - Level 9.6 Armour
 + Level 7.4 Dodging
 + Level 7.7 Shields
 + Level 9.5 Evocations


You had 16 spell levels left.
You didn't know any spells.
Your spell library was empty.

Dungeon Overview and Level Annotations

Branches:
Dungeon (15/15) Zot: 25781  Temple (0/1) D:5            Lair (5/5) D:8 Zot: 21279
 Shoals (0/4) Lair:3        Snake (4/4) Lair:2 Zot: 15565   Slime (0/5) Lair:5
    Orc (2/2) D:9 Zot: 6086     Elf (0/3) Orc:2        Vaults (0/5) D:13
 Depths (0/4) D:15          IceCv (visited)

Altars:
Cheibriados
Dithmenos
Elyvilon
Fedhas
Gozag
Hepliaklqana
Okawaru
Xom
The Shining One
Jiyva

Shops:
D:6 [*=[:[   D:12 ?   Orc:2 *[(:   Snake:3 :=:   Snake:4 (


Innate Abilities, Weirdness & Mutations

You have a pair of horns on your head.
You reflexively headbutt those who attack you in melee.


Message History

The nagaraja hits you with a +0 club!
* * * LOW HITPOINT WARNING * * *
The nagaraja constricts you. You block the naga warrior's attack.
The guardian serpent casts a spell at you.
The bolt of poison hits you. You resist.
* * * LOW HITPOINT WARNING * * *
The nagaraja spits poison at you. The splash of poison hits you. You resist.
* * * LOW HITPOINT WARNING * * *
The nagaraja constricts you.
* * * LOW HITPOINT WARNING * * *
You block the naga warrior's attack.
You block the guardian serpent's attack.
You barely miss the guardian serpent. You slice the nagaraja!!
You hit the naga warrior but do no damage.
You feel extremely sick.
The nagaraja no longer looks unusually strong.
The nagaraja points at you and mumbles some strange words.
The bolt of poison hits you.
You are more poisoned.
You resist.
* * * LOW HITPOINT WARNING * * *
The nagaraja constricts you.
* * * LOW HITPOINT WARNING * * *
The guardian serpent hits you!
* * * LOW HITPOINT WARNING * * *
The naga warrior spits poison at you.
You block the splash of poison... and reflect it back!
The splash of poison hits the naga warrior.
The naga warrior is poisoned.
You barely miss the guardian serpent.
Your headbutt misses the guardian serpent.
You slice the nagaraja!!
You kill the nagaraja!
Trog accepts your kill.
Trog appreciates your killing of a magic user.
You slice the naga warrior!!
You kill the naga warrior!
Trog accepts your kill.
* * * LOW HITPOINT WARNING * * *
You feel extremely sick.
You block the guardian serpent's attack.
The guardian serpent hits you but does no damage.
You hit the guardian serpent.
You kill the guardian serpent!
Trog accepts your kill.
Trog appreciates your killing of a magic user.
* * * LOW HITPOINT WARNING * * *
You feel extremely sick.
You die...

....#.).##,,,,,,,,,#...# #.......
###.#...#..,*,,,,,,#...# #......#
###.#.).#...*,,,,,##...###.....#*
.##.#...#...#*,,,##...###.....#**
.##.#...#....#**##....##......# *
.##.#...##...)###....##.......# *
.##.##...#....).)...##........# *
.##..#...##..))))..##.........# *
.##..##...###...@.##.....#...)###
.##..##.....#######.....##...)#..
.##..###..........)....###....#..
.....# ###...........### #....#..
+#...# #.####......##### #...)#..
.##..# #....########...###....#..
.###.# #.......## #.........))).
∩..+.# #........#####......[.....
.###.# #..................####...


There were no monsters in sight!

Vanquished Creatures
  Vashnia (Snake:3)
  Nikola (Snake:3)
  An Ice Fiend (IceCv)
  Roxanne (D:14)
  12 nagarajas
  3 orc warlords
  A very ugly thing (Snake:1)
  Snorg (D:14)
  Azrael (D:15)
  Josephine (D:11)
  A rakshasa (D:15)
  3 hydras
  Harold (D:10)
  3 ice dragons
  2 caustic shrike simulacra (IceCv)
  2 boulder beetles
  3 catoblepae (Lair:5)
  2 centaur warriors
  3 two-headed ogres
  6 anacondas
  16 naga warriors
  A hell hog (Lair:5)
  5 orc high priests
  18 naga sharpshooters
  4 death yaks
  6 shock serpents
  A deep elf knight (D:9)
  3 salamander mystics
  A skyshark (Lair:4)
  A bog body (IceCv)
  9 mana vipers
  7 naga ritualists
  2 obsidian statues (IceCv)
  4 phantasmal warriors
  A necromancer (D:13)
  Pikel (D:6)
  A spriggan simulacrum (IceCv)
  A deep elf zephyrmancer (Orc:1)
  2 lindwurms (Lair:5)
  An orc knight (Orc:2)
  6 orc sorcerers
  22 ugly things
  6 manticores
  4 cyclopes
  20 salamanders
  A kobold blastminer (Orc:2)
  A black mamba (shapeshifter) (D:13)
  3 guardian serpents (Snake:4)
  A moth of wrath (Orc:1)
  34 black mambas
  18 elephants (Lair:5)
  A water nymph (Lair:3)
  A gargoyle (D:12)
  16 naga magi
  2 torpor snails
  14 komodo dragons
  22 cane toads
  An unseen horror (D:9)
  4 rime drakes
  A tengu conjurer (D:14)
  8 freezing wraiths (IceCv)
  2 kobold demonologists
  An ice devil (IceCv)
  A troll (shapeshifter) (D:13)
  2 golden dragon simulacra (IceCv)
  7 trolls
  12 polar bears
  A blink frog (shapeshifter) (D:13)
  3 dream sheep (Lair:5)
  12 blink frogs
  5 slime creatures (D:14)
  3 water elementals (D:14)
  6 wyverns
  40 yaks
  3 fire elementals (D:15)
  7 wraiths
  3 steam dragons
  10 wargs
  6 basilisks
  Eustachio (D:5)
  57 nagas
  21 vampire mosquitoes
  Menkaure (D:4)
  30 water moccasins
  17 hell hounds
  A sky beast (D:7)
  Duvessa (D:4)
  3 hydra simulacra (IceCv)
  33 orc warriors
  A swamp drake (D:9)
  An ice beast (D:6)
  4 laughing skulls
  13 black bears
  4 ettin simulacra (IceCv)
  A meliai simulacrum (D:15)
  11 ogres
  32 wolves
  7 centaurs
  A boggart (D:4)
  2 lemures (D:6)
  3 phantoms
  5 kobold brigands
  3 gnoll sergeants
  8 bullfrogs
  6 scorpions
  Dowan (D:4)
  5 killer bees (D:10)
  7 electric eels
  A howler monkey (D:8)
  2 bombardier beetles
  2 jellies
  4 hounds
  18 orc priests
  Jessica (D:3)
  Terence (D:2)
  8 iguanas
  17 orc wizards
  Natasha (twice) (D:2)
  4 hell rats (Lair:5)
  20 gnolls
  22 adders
  A river rat (D:9)
  A white imp (D:5)
  3 dart slugs
  67 orcs
  3 ball pythons
  7 endoplasms
  2 giant cockroaches
  17 goblins
  8 hobgoblins
  7 jackals
  32 kobolds
  2 quokkas
  5 bats
  3 frilled lizards
  4 rats (D:1)
  A butterfly (Lair:1)
989 creatures vanquished.

Vanquished Creatures (collateral kills)
  An anaconda (Snake:2)
  A naga warrior (Snake:3)
  An orc knight (Orc:2)
  A deep elf pyromancer (D:12)
  A naga mage (Snake:2)
  A komodo dragon (D:12)
  A naga (Snake:3)
  5 orcs
  2 kobolds (D:8)
14 creatures vanquished.

Vanquished Creatures (others)
  A manticore (D:14)
  An orc sorcerer (Orc:2)
  A troll (D:12)
  2 nagas
  A kobold brigand (D:9)
  An electric eel (D:14)
  An orc wizard (D:10)
  A kobold (D:8)
9 creatures vanquished.

Grand Total: 1012 creatures vanquished

Notes
Turn   | Place    | Note
-------+----------+-------------------------------------------
     0 | D:1      | Pooter the Minotaur Berserker began the quest for the Orb.
     0 | D:1      | Reached XP level 1. HP: 19/19 MP: 0/0
    87 | D:1      | Reached skill level 1 in Ranged Weapons
    87 | D:1      | Reached XP level 2. HP: 18/27 MP: 1/1
   391 | D:1      | Reached XP level 3. HP: 31/33 MP: 2/2
   534 | D:1      | Reached skill level 4 in Fighting
   760 | D:2      | Noticed Natasha
   797 | D:2      | Killed Natasha
   798 | D:2      | Reached XP level 4. HP: 40/40 MP: 3/3
   888 | D:2      | Reached ** piety under Trog
   912 | D:2      | Found a glowing golden altar of the Shining One.
   912 | D:2      | Noticed Terence
   929 | D:2      | Killed Terence
   930 | D:2      | Reached skill level 5 in Axes
  1123 | D:2      | Found a faded altar of an unknown god.
  1154 | D:2      | Noticed Natasha
  1403 | D:2      | Killed Natasha
  1404 | D:2      | Reached XP level 5. HP: 47/47 MP: 4/4
  1468 | D:3      | Found a white marble altar of Elyvilon.
  1630 | D:3      | Noticed a phantom
  1644 | D:3      | Killed a phantom
  1977 | D:3      | Identified the +1 sling of the Endless Expanse {speed,
                  | Int+4}
  2007 | D:3      | Noticed a phantom
  2023 | D:3      | Killed a phantom
  2024 | D:3      | Reached XP level 6. HP: 34/55 MP: 5/5
  2279 | D:3      | Found a faded altar of an unknown god.
  2279 | D:3      | Noticed Jessica
  2289 | D:3      | Killed Jessica
  2290 | D:3      | Reached skill level 5 in Fighting
  2338 | D:3      | Found a hazy altar of Hepliaklqana.
  2482 | D:4      | Noticed Duvessa
  2484 | D:4      | Noticed Dowan
  2546 | D:4      | Killed Duvessa
  2552 | D:4      | Killed Dowan
  2553 | D:4      | Reached skill level 1 in Evocations
  2553 | D:4      | Reached XP level 7. HP: 61/61 MP: 6/6
  2599 | D:4      | Noticed Menkaure
  2619 | D:4      | Killed Menkaure
  2620 | D:4      | Reached skill level 5 in Ranged Weapons
  2904 | D:4      | Noticed Sigmund
  2905 | D:4      | Sigmund changed into Sigmund the boggart
  2905 | D:4      | Noticed Sigmund
  2912 | D:4      | Killed Sigmund the boggart
  2982 | D:4      | Reached *** piety under Trog
  3260 | D:5      | Entered Level 5 of the Dungeon
  3267 | D:5      | Noticed Eustachio
  3413 | D:5      | Killed Eustachio
  3414 | D:5      | Reached XP level 8. HP: 70/70 MP: 7/7
  3481 | D:5      | Reached skill level 6 in Fighting
  3852 | D:5      | Found a staircase to the Ecumenical Temple.
  3940 | D:5      | Noticed Edmund
  3944 | D:5      | Edmund changed into Edmund the bullfrog
  3944 | D:5      | Noticed Edmund
  3947 | D:5      | Killed Edmund the bullfrog
  4644 | D:6      | Noticed Pikel
  4647 | D:6      | Killed Pikel
  4648 | D:6      | Reached XP level 9. HP: 78/78 MP: 8/8
  4754 | D:6      | Found Boawexig's Antique Armour Shoppe.
  4755 | D:6      | Found Ruary's Assorted Antiques.
  4858 | D:6      | Found Tegac's Armour Boutique.
  4858 | D:6      | Found Otuuhak's Book Shop.
  4859 | D:6      | Found Ynitse's Antique Armour Boutique.
  4859 | D:6      | Found Xiries's Jewellery Shoppe.
  4863 | D:6      | Bought a +2 tower shield of protection for 258 gold pieces
  4927 | D:6      | Reached skill level 7 in Fighting
  5159 | D:6      | Bought a scroll labelled BULOTU LITH for 22 gold pieces
  5266 | D:6      | Bought a fizzy clear potion for 19 gold pieces
  5381 | D:6      | Bought a metallic grey potion for 19 gold pieces
  5900 | D:6      | Bought a white potion for 19 gold pieces
  6107 | D:7      | Identified the +8 trident of the Endless Expanse
                  | {antimagic, +Blink rC+}
  6563 | D:8      | Reached skill level 10 in Axes
  6961 | D:7      | Reached skill level 5 in Armour
  7071 | D:8      | Reached XP level 10. HP: 73/88 MP: 9/9
  7268 | D:8      | Noticed a two-headed ogre
  7277 | D:8      | Killed a two-headed ogre
  7278 | D:8      | Reached skill level 8 in Fighting
  7987 | D:8      | Found a staircase to the Lair.
  8177 | D:8      | Found a blossoming altar of Fedhas.
  8397 | D:9      | Noticed a two-headed ogre
  8403 | D:9      | Killed a two-headed ogre
  8718 | D:9      | Reached skill level 5 in Evocations
  8721 | D:9      | Reached skill level 10 in Ranged Weapons
  8724 | D:9      | Reached **** piety under Trog
  9140 | D:9      | Found a staircase to the Orcish Mines.
  9273 | D:9      | Identified a scroll of acquirement
  9273 | D:9      | Acquired a manual of Axes
  9275 | D:9      | Found a shadowy altar of Dithmenos.
  9277 | D:9      | Found a shimmering altar of Xom.
  9280 | D:9      | Found an opulent altar of Gozag.
  9454 | D:6      | Bought a glowing hat for 182 gold pieces
  9645 | D:10     | Entered Level 10 of the Dungeon
  9743 | D:10     | Reached XP level 11. HP: 95/95 MP: 10/10
  9769 | D:10     | Noticed Harold
  9775 | D:10     | Killed Harold
  9776 | D:10     | Reached skill level 9 in Fighting
 10991 | Orc:1    | Entered Level 1 of the Orcish Mines
 10991 | Orc:1    | Noticed an orc warlord
 10996 | Orc:1    | Noticed an orc sorcerer
 11198 | D:9      | Killed an orc warlord
 11589 | Orc:1    | an orc sorcerer changed into a moth of wrath
 11847 | Orc:1    | Noticed a deep elf zephyrmancer
 11848 | Orc:1    | Noticed a deep elf knight
 11863 | Orc:1    | Identified the +0 chain mail "Faammaev" {rF+++ Int+2}
 11864 | Orc:1    | Noticed an orc sorcerer
 11867 | Orc:1    | Killed a deep elf zephyrmancer
 12111 | D:9      | Killed a deep elf knight
 12200 | Orc:1    | Noticed a sun demon
 12201 | Orc:1    | Killed an orc sorcerer
 12320 | Orc:1    | Reached skill level 10 in Fighting
 13166 | D:6      | Bought an encrusted cloak for 247 gold pieces
 13166 | D:6      | Identified the +1 cloak of Okawaru, Sheltering {SInv} (You
                  | bought it in a shop on level 6 of the Dungeon)
 13397 | Orc:1    | Noticed an orc warlord
 13427 | Orc:1    | Killed an orc warlord
 13428 | Orc:1    | Reached XP level 12. HP: 106/106 MP: 11/11
 13488 | Orc:1    | Noticed an orc high priest
 13499 | Orc:1    | Killed an orc high priest
 13845 | Orc:2    | Entered Level 2 of the Orcish Mines
 14048 | Orc:2    | Found a staircase to the Elven Halls.
 14092 | Orc:2    | Noticed an orc high priest
 14459 | Orc:2    | Reached skill level 15 in Axes
 14483 | Orc:2    | Noticed an orc high priest
 14695 | Orc:2    | Noticed an orc warlord
 14696 | Orc:2    | an orc warlord changed into a death yak
 14696 | Orc:2    | Noticed a death yak
 14849 | Orc:1    | Killed a death yak
 14927 | Orc:2    | Killed an orc high priest
 14932 | Orc:2    | Noticed an orc high priest
 15277 | Orc:2    | Killed an orc high priest
 15326 | Orc:2    | Noticed an orc warlord
 15346 | Orc:2    | Killed an orc warlord
 15905 | Orc:2    | Found Miatolou's Book Shoppe.
 16260 | Orc:1    | Upgraded the game from 0.32-a0-673-g3729bd50f8 to
                  | 0.32-a0-675-gdc239d62e1
 16296 | Orc:2    | Reached skill level 11 in Fighting
 16302 | Orc:2    | Noticed an orc high priest
 16311 | Orc:2    | Killed an orc high priest
 16399 | Orc:2    | Killed an orc high priest
 17305 | Orc:2    | Found Banisaobb's Antique Weapon Boutique.
 17315 | Orc:2    | Bought a runed war axe for 182 gold pieces
 17426 | Orc:2    | Found Sok Vibi's General Store.
 17434 | Orc:2    | Found Cyisytar's Antique Armour Shop.
 17465 | Orc:2    | Bought a potion of might for 56 gold pieces
 17465 | Orc:2    | Bought a scroll of identify for 28 gold pieces
 17467 | Orc:2    | Bought a potion of lignification for 42 gold pieces
 17764 | Lair:1   | Entered Level 1 of the Lair of Beasts
 18057 | Lair:1   | Reached skill level 1 in Throwing
 18123 | Lair:1   | Reached XP level 13. HP: 116/116 MP: 12/12
 18911 | Lair:2   | Reached skill level 12 in Fighting
 19325 | Lair:2   | Reached skill level 5 in Throwing
 19647 | Lair:2   | Reached skill level 13 in Fighting
 20008 | Lair:2   | Found an opulent altar of Gozag.
 20243 | Lair:2   | Found a staircase to the Snake Pit.
 21659 | Lair:4   | Reached skill level 14 in Fighting
 22586 | Lair:5   | Entered Level 5 of the Lair of Beasts
 22597 | Lair:5   | Reached XP level 14. HP: 121/131 MP: 13/13
 22668 | Lair:5   | Found a viscous altar of Jiyva.
 22668 | Lair:5   | Found a staircase to the Slime Pits.
 22805 | Lair:5   | Reached skill level 15 in Fighting
 24838 | Lair:5   | Reached skill level 10 in Throwing
 24892 | Lair:5   | Reached skill level 16 in Fighting
 25844 | Lair:5   | Reached XP level 15. HP: 116/146 MP: 14/14
 26173 | D:10     | Reached skill level 17 in Fighting
 26313 | D:11     | Noticed Josephine
 26385 | D:11     | Killed Josephine
 26844 | Orc:2    | Bought a scroll of teleportation for 42 gold pieces
 26844 | Orc:2    | Bought 3 scrolls of teleportation for 126 gold pieces
 27292 | D:12     | Identified the +3 ring mail of Oramips {Regen+ Int+4}
 27336 | D:12     | Reached ***** piety under Trog
 27451 | D:12     | Found Irumia's Magic Scroll Boutique.
 27461 | D:12     | Bought a scroll of identify for 28 gold pieces
 27461 | D:12     | Bought a scroll of identify for 28 gold pieces
 27461 | D:12     | Bought a scroll of identify for 28 gold pieces
 27461 | D:12     | Bought a scroll of identify for 28 gold pieces
 28461 | D:13     | Reached skill level 18 in Fighting
 28613 | D:13     | Found a gate to the Vaults.
 28870 | D:14     | Found a snail-covered altar of Cheibriados.
 28994 | D:14     | Found an iron altar of Okawaru.
 29104 | D:14     | Noticed Roxanne
 29119 | D:14     | Killed Roxanne
 29639 | D:14     | Noticed Snorg
 29650 | D:14     | Killed Snorg
 30006 | D:15     | Entered Level 15 of the Dungeon
 30288 | D:15     | Noticed Azrael
 30300 | D:15     | Killed Azrael
 30671 | D:15     | Reached skill level 19 in Fighting
 30798 | D:15     | Found a staircase to the Depths.
 31066 | D:15     | Upgraded the game from 0.32-a0-675-gdc239d62e1 to
                  | 0.32-a0-685-g93135e86f0
 31261 | Snake:1  | Entered Level 1 of the Snake Pit
 31530 | Snake:1  | Found a glacial archway.
 31544 | Snake:1  | Reached XP level 16. HP: 134/160 MP: 15/15
 31574 | IceCv    | Entered an ice cave
 32807 | IceCv    | Noticed an Ice Fiend
 32818 | IceCv    | Killed an Ice Fiend
 33624 | Snake:1  | Reached skill level 20 in Fighting
 34391 | Snake:2  | Reached skill level 1 in Shields
 35449 | Snake:2  | Found a runed translucent door.
 35595 | Snake:2  | Reached skill level 15 in Throwing
 36537 | Snake:3  | Identified the +0 pair of gloves "Wiodius" {Will++ Str+4
                  | Int-4}
 36537 | Snake:3  | Noticed Nikola
 36547 | Snake:3  | Killed Nikola
 36771 | Snake:2  | Reached skill level 5 in Dodging
 36921 | Snake:3  | Reached XP level 17. HP: 144/172 MP: 16/16
 36928 | Snake:2  | Reached skill level 5 in Shields
 37594 | Snake:3  | Noticed Vashnia
 37738 | Snake:3  | Killed Vashnia
 37891 | Snake:3  | Found Reopp's Book Shop.
 37893 | Snake:3  | Found Ossaefo's Jewellery Emporium.
 37894 | Snake:3  | Found Til Soh's Book Shop.
 38379 | Snake:4  | Entered Level 4 of the Snake Pit
 38950 | Snake:4  | Found Kecrint's Antique Weapon Shop.
 38961 | Snake:4  | Reached skill level 21 in Fighting
 40166 | Snake:4  | Received a gift from Trog
 40990 | Snake:4  | HP: 12/259 [poisoned by a nagaraja (bolt of poison)]
 40991 | Snake:4  | HP: 4/259 [poisoned by a nagaraja (bolt of poison)]
 40992 | Snake:4  | Succumbed to a nagaraja's bolt of poison

Illustrated notes

Levels and vault maps discovered:
D:1:      mainiacjoe_arrival_oval_in_oval, layout_rooms,
          hangedman_decor_clover_reticule
D:2:      layout_loops_ring, basic_ecumenical_altar, basic_altar, uniq_terence,
          uniq_natasha
D:3:      corexii_shack_village, layout_loops_ring,
          beargit_hepliaklqana_dungeon_heroes,
          mainiacjoe_overflow_concentric_impassable, uniq_jessica
D:4:      layout_rooms, uniq_sigmund, uniq_menkaure, uniq_duvessa
D:5:      layout_loops_cross, minmay_temple_entry_hall,
          serial_library_hellmonk_reading_circle, minmay_misc_feat_x,
          uniq_eustachio, uniq_edmund
D:6:      layout_basic, nicolae_wooded_promenade, uniq_pikel
D:7:      layout_cave_pools
D:8:      layout_cave_pools, fedhas_altar_3, erik_lair_orcish_takeover
D:9:      layout_irregular_city, grunt_temple_overflow_diamond, erik_orc_1,
          serial_rivers, chequers_serial_rivers_large_a,
          chequers_serial_rivers_room_a, chequers_serial_rivers_micro_c,
          chequers_serial_rivers_micro_e
D:10:     nicolae_cairo_tiling_large, layout_loops_ring,
          serial_library_hellmonk_open_cross, uniq_harold
D:11:     layout_irregular_city, uniq_josephine
D:12:     layout_rooms, serial_shops, nicolae_diamond_shop, minmay_lizard_king
D:13:     layout_loops_corners, david_vaults_4
D:14:     layout_basic, cheibriados_altar_1, kennysheep_okawaru_gauntlet,
          uniq_roxanne, uniq_snorg
D:15:     grunt_enter_depths_hoard, layout_rooms, minivault_11, uniq_azrael
Lair:1:   layout_cave_pods, lemuel_fruit_fields, grunt_megastairs_4,
          lemuel_fruit_fields
Lair:2:   lemuel_reptile_caves, layout_misc_corridors,
          nicolae_snake_entry_squirm, basic_altar, st_stairs_4,
          small_statue_intersection, beast_lair_carwin_5
Lair:3:   layout_roguey, nicolae_shoals_entry_flooding, lemuel_fruit_tree,
          grunt_megastairs_3, serial_bayou_shore_a, infiniplex_staircase_pool
Lair:4:   layout_loops_ring, serial_bayou_pond_c
Lair:5:   hangedman_lair_caniforms_friends, layout_hall_layers,
          hangedman_lair_in_review, slime_entry_1, serial_bayou_lagoon_a
Snake:1:  layout_misc_corridors, portal_ice_cave_entry_ugly_swarm, st_stairs_9
Snake:2:  layout_cave_pods, grunt_ministairs_2, lightli_airlock
Snake:3:  layout_gridlike, nicolae_snake_ghostly_warrior_ritual,
          minmay_shop_grove, uniq_vashnia, uniq_nikola
Snake:4:  grunt_snake_rune_spirals, layout_onion, serial_shops,
          nicolae_shop_hallway_plus
Orc:1:    layout_caves, statue_in_the_mist_lemuel, elf_legates
Orc:2:    grunt_orc_gardens, layout_caves, grunt_orc_garden, grunt_orc_garden,
          grunt_orc_garden, grunt_orc_garden

Skill      XL: |  1  2  3  4  5  6  7  8  9 10 11 12 13 14 15 16 17 |
---------------+----------------------------------------------------+-----
Axes           | 4 5 6 7 9 10 12 14 16 | 16.3
Ranged Weapons | 1 2 3 4 6 7 8 10 11 13 14 | 14.1
Fighting       | 4 5 6 7 8 10 11 14 16 19 20 21 | 21.2
Evocations     | 1 2 3 4 5 6 7 8 9 |  9.5
Armour         | 3 5 6 8 9 |  9.6
Throwing       | 1 7 11 13 15 | 15.7
Shields        | 4 7 |  7.7
Dodging        | 5 7 |  7.4

Action                     |  1- 3 |  4- 6 |  7- 9 | 10-12 | 13-15 | 16-18 || total
---------------------------+-------+-------+-------+-------+-------+-------++-------
  Melee: Hand axe          |    38 |    54 |       |       |       |       ||    92
         Headbutt          |     3 |    11 |    28 |   113 |   215 |    97 ||   467
         War axe           |       |    45 |   206 |   472 |   887 |   431 ||  2041
         Trident           |       |       |       |       |    25 |       ||    25
   Fire: Sling             |    73 |    44 |   116 |   225 |   122 |     2 ||   582
         Orcbow            |       |       |    13 |       |       |       ||    13
  Throw: Dart              |       |       |     5 |     9 |    25 |       ||    39
         Boomerang         |       |       |       |    13 |    75 |   259 ||   347
         Javelin           |       |       |       |       |     5 |       ||     5
 Invoke: Berserk           |     2 |     2 |     9 |    25 |    13 |    15 ||    66
         Trog's Hand       |       |     2 |     3 |    30 |    30 |    19 ||    84
         Brothers in Arms  |       |       |       |       |       |     1 ||     1
  Evoke: Wand              |       |       |     7 |    18 |     4 |     5 ||    34
         Phantom mirror    |       |       |       |     1 |       |       ||     1
    Use: Scroll            |       |     6 |     8 |    13 |    17 |     9 ||    53
         Potion            |       |       |       |     1 |     4 |     1 ||     6
   Stab: Betrayed ally     |       |       |     1 |     1 |       |       ||     2
         Petrified         |       |       |       |       |     5 |       ||     5
 Armour: Animal skin       |     8 |       |       |       |       |       ||     8
         Chain mail        |    49 |    78 |   166 |       |       |       ||   293
         Plate armour      |       |       |    76 |   385 |   852 |   482 ||  1795
  Dodge: Dodged            |    20 |    38 |    96 |    50 |   154 |    90 ||   448
  Block: Tower shield      |       |       |   119 |   534 |  1217 |   642 ||  2512
         Reflection        |       |       |       |    69 |    27 |   117 ||   213

Table legend: (Time is in decaauts)
 A = Elapsed time spent in this place.
 B = Non-inter-level travel time spent in this place.
 C = Inter-level travel time spent in this place.
 D = Time resting spent in this place.
 E = Time spent auto-exploring this place.
 F = Levels seen in this place.
 G = Mean time per level.
                   A        B        C        D        E       F      G
               +--------+--------+--------+--------+--------+-----+--------+
         Total |  42349 |  40491 |   1858 |  16924 |  15700 |  27 | 1568.5 |
       Dungeon |  17728 |  16399 |   1329 |   4271 |   8914 |  15 | 1181.9 |
          Lair |   8720 |   8414 |    306 |   2805 |   3990 |   5 | 1744.0 |
     Snake Pit |   8434 |   8361 |     73 |   4455 |   2073 |   4 | 2108.5 |
  Orcish Mines |   5913 |   5764 |    149 |   4174 |    666 |   2 | 2956.5 |
      Ice Cave |   1553 |   1553 |      0 |   1217 |     56 |   1 | 1553.0 |
               +--------+--------+--------+--------+--------+-----+--------+

Top non-repeatable levels by time:
  Lair:5: 3306 daAuts
   Orc:1: 3241 daAuts
     D:9: 2740 daAuts
   Orc:2: 2671 daAuts
 Snake:4: 2614 daAuts
 Snake:2: 2505 daAuts
 Snake:3: 2093 daAuts
  Lair:2: 1716 daAuts
     D:6: 1693 daAuts
   IceCv: 1553 daAuts
     D:7: 1381 daAuts
  Lair:4: 1370 daAuts
     D:8: 1361 daAuts
    D:10: 1345 daAuts
    D:14: 1257 daAuts
